 Dungeon Crawl Stone Soup version 0.29.1-15-g9cfb28693d (webtiles) character file.

Game seed: 2738281407250372490

987 jtron the Chopper (level 8, -1/63 HPs)
             Began as a Gnoll Wanderer on Mar 3, 2023.
             Was a Follower of Okawaru.
             Slain by an orc wizard
             ... wielding a +0 dagger
              (3 damage)
             ... on level 6 of the Dungeon.
             The game lasted 00:13:16 (5763 turns).

jtron the Chopper (Gnoll Wanderer)                  Turns: 5763, Time: 00:13:18

Health: -1/63      AC: 10    Str: 10    XL:     8   Next: 18%
Magic:  10/12      EV: 15    Int:  9    God:    Okawaru [*.....]
Gold:   324        SH:  0    Dex: 18    Spells: 13/13 levels left

rFire   . . .      SeeInvis .   a - +0 broad axe (vorpal)
rCold   x . .      Faith    .   (no shield)
rNeg    + + +      Spirit   .   o - +0 ring mail
rPois   +          Reflect  .   s - +1 helmet of the Other World {Rampage rPois rC- rN+++}
rElec   .          Harm     .   h - scarf {repulsion}
rCorr   .          Rampage  +   (no gloves)
Will    .....                   p - +0 pair of boots
Stlth   ++++......              (no amulet)
HPRegen 0.20/turn               (no ring)
MPRegen 0.13/turn               (no ring)

@: heroic, repel missiles
A: fangs 1, strong nose, distributed training
a: Renounce Religion, Heroism


You were on level 6 of the Dungeon.
You worshipped Okawaru.
Okawaru was aware of your devotion.
You visited 2 branches of the dungeon, and saw 7 of its levels.

You collected 324 gold pieces.

Inventory:

Hand Weapons
 a - a +0 vorpal broad axe (weapon)
 b - a +0 shortbow
 d - a +0 dagger
 l - a +0 long sword
 E - a +0 hand axe
Missiles
 c - 10 boomerangs (quivered)
 f - 7 poisoned darts
 F - 28 stones
Armour
 h - a scarf of repulsion (worn)
 i - a +0 helmet
 o - a +0 ring mail (worn)
 p - a +0 pair of boots (worn)
 s - the +1 helmet of the Other World (worn) {Rampage rPois rC- rN+++}
   (You found it on level 3 of the Dungeon)

   rC:        It makes you vulnerable to cold.
   rPois:     It protects you from poison.
   rN:        It renders you almost immune to negative energy.
   Rampage:   It bestows one free step when moving towards enemies.
 H - a +1 leather armour of cold resistance
Jewellery
 v - a ring of protection from cold
Wands
 e - a wand of roots (7)
Scrolls
 j - 2 scrolls of enchant weapon {unknown}
 k - a scroll of poison {unknown}
 m - 5 scrolls of amnesia {unknown}
 t - a scroll of teleportation {unknown}
 x - a scroll of fear {unknown}
 y - a scroll of enchant armour {unknown}
 z - a scroll of blinking {unknown}
 B - a scroll of immolation {unknown}
 D - a scroll of silence {unknown}
 G - a scroll of magic mapping {unknown}
Potions
 g - 3 potions of resistance
 n - a potion of invisibility {unknown}
 q - a potion of might
 r - 2 potions of haste
 u - a potion of degeneration {unknown}
 w - a potion of attraction
 A - a potion of lignification {unknown}
 C - a potion of flight {unknown}
 I - a potion of heal wounds
 J - 2 potions of cancellation
 K - a potion of magic {unknown}


   Skills:
 + Level 5.6(10.6) Fighting
 + Level 3.1(8.1) Short Blades
 + Level 5.6(10.6) Long Blades
 + Level 5.6(10.6) Axes
 + Level 3.1(8.1) Maces & Flails
 + Level 3.1(8.1) Polearms
 + Level 3.1(8.1) Staves
 + Level 3.1(8.1) Ranged Weapons
 + Level 4.1(9.1) Throwing
 + Level 3.1(8.1) Armour
 + Level 4.1(9.1) Dodging
 + Level 5.3(10.3) Stealth
 + Level 3.1(8.1) Shields
 + Level 3.1(8.1) Unarmed Combat
 + Level 3.1 Spellcasting
 + Level 2.5 Conjurations
 + Level 2.5 Hexes
 + Level 2.5 Summonings
 + Level 2.5 Necromancy
 + Level 2.5 Translocations
 + Level 2.5 Transmutations
 + Level 2.5 Fire Magic
 + Level 2.5 Ice Magic
 + Level 2.5 Air Magic
 + Level 2.5 Earth Magic
 + Level 2.5 Poison Magic
 + Level 3.5 Invocations
 + Level 3.1 Evocations


You had 13 spell levels left.
You didn't know any spells.
Your spell library contained the following spells:

 Spells                   Type           Power      Damage    Failure   Level
 Sandblast                Erth           12%        2d6       22%         1
 Passwall                 Tmut/Erth      5%         N/A       34%         2
 Inner Flame              Hex/Fire       6%         N/A       56%         3
 Stone Arrow              Conj/Erth      12%        3d7       56%         3
 Cause Fear               Hex            3%         N/A       92%         4
 Corpse Rot               Necr/Pois/Air  6%         N/A       92%         4
 Dispel Undead            Necr           6%         3d8       92%         4
 Dragon Form              Tmut           3%         N/A       100%        7
 Discord                  Hex            3%         N/A       100%        8
 Death Channel            Necr           Unusable   N/A       N/A         6
 Dragon's Call            Summ           Unusable   N/A       N/A         9

Dungeon Overview and Level Annotations

Branches:
Dungeon (6/15)             Temple (1/1) D:4

Altars:
Okawaru
Ru
Wu Jian
Zin
The Shining One

Annotations:
D:5 2 transporters, sigtrap's ghost, novice KoBr


Innate Abilities, Weirdness & Mutations

You have very sharp teeth.
Your uncanny sense of smell can sniff out nearby items.
Your experience applies equally to all skills.


Message History

You rampage towards the orc!
An orc priest and an orc come into view.
An orc priest comes into view. It is wielding a +0 flail.
The orc hits you but does no damage.
You gain the combat prowess of a mighty hero.
An orc priest comes into view. It is wielding a +0 hand axe.
The orc priest miscasts a cantrip.
The orc hits you but does no damage.
The orc shouts!
The orc priest shouts!
You slash the orc!
You kill the orc!
Okawaru accepts your kill.
You hit the orc warrior but do no damage.
The orc priest mumbles some strange prayers to Beogh against you.
Beogh smites you!
You slash the orc warrior!
The orc warrior is moderately wounded.
You hit the orc wizard.
The orc wizard hits you with a +0 dagger.
The orc priest mumbles some strange prayers to Beogh against you.
Beogh smites you!
The orc warrior hits you with a +0 long sword!!
You barely miss the orc wizard.
The orc wizard is moderately wounded.
You closely miss the orc. You hit the orc warrior.
The orc wizard barely misses you. The orc closely misses you.
The orc warrior hits you with a +0 long sword!
* * * LOW HITPOINT WARNING * * *
The orc completely misses you.
The orc priest casts a cantrip, but nothing happens.
The orc warrior hits you with a +0 long sword!
* * * LOW HITPOINT WARNING * * *
The orc wizard misses you.
You feel much better.
The orc priest calls down the wrath of Beogh upon you.
Beogh smites you!
* * * LOW HITPOINT WARNING * * *
The orc barely misses you.
The orc wizard hits you with a +0 dagger.
You die...

... ....... ...
........ .... ........
..... ........ ..
....o# #.#... ...
....o.##...# ....
.....ooo..# #.#..
#oo@..###...#
#.o.......# ∆
#..##.....###........
#.# ###..## ........
#.# ##.# ....... ....
##.## ##...... ...
##...####....... ##.
###..............#
#..###.......#####....#


You could see an orc warrior, 4 orc priests, an orc wizard and 2 orcs.

Vanquished Creatures
  An ice beast (D:5)
  An ogre (D:5)
  A centaur (D:4)
  A bullfrog (D:4)
  A phantom (D:5)
  2 scorpions (D:5)
  A howler monkey (D:5)
  3 hounds
  2 jellies (D:5)
  5 iguanas
  A gnoll (D:1)
  5 adders
  4 worms
  4 dart slugs
  13 orcs
  3 bats
  4 endoplasms
  3 giant cockroaches
  9 goblins
  13 hobgoblins
  4 kobolds
  4 quokkas
  4 ball pythons
  4 frilled lizards
  5 rats
98 creatures vanquished.

Vanquished Creatures (others)
  6 plants (D:5)
6 creatures vanquished.

Grand Total: 104 creatures vanquished

Notes
Turn   | Place    | Note
-------+----------+-------------------------------------------
     0 | D:1      | jtron the Gnoll Wanderer began the quest for the Orb.
     0 | D:1      | jtron set off with the following items: a +0 long sword, a
                  | +0 hand axe, 6 boomerangs, a +0 dagger, a potion of curing,
                  | a +0 robe.
     0 | D:1      | Reached XP level 1. HP: 20/20 MP: 1/1
   320 | D:1      | Reached XP level 2. HP: 13/26 MP: 2/2
   725 | D:1      | Reached XP level 3. HP: 27/31 MP: 3/3
   948 | D:1      | Found a faded altar of an unknown god.
   966 | D:1      | Reached skill level 1 in Invocations
  1480 | D:2      | Reached skill level 1 in Short Blades
  1480 | D:2      | Reached skill level 1 in Maces & Flails
  1480 | D:2      | Reached skill level 1 in Polearms
  1480 | D:2      | Reached skill level 1 in Staves
  1480 | D:2      | Reached skill level 1 in Ranged Weapons
  1480 | D:2      | Reached skill level 1 in Armour
  1480 | D:2      | Reached skill level 1 in Shields
  1480 | D:2      | Reached skill level 1 in Unarmed Combat
  1480 | D:2      | Reached skill level 1 in Spellcasting
  1480 | D:2      | Reached skill level 1 in Evocations
  1795 | D:2      | Reached XP level 4. HP: 29/38 MP: 5/5
  1868 | D:2      | Found a glowing golden altar of the Shining One.
  2069 | D:3      | Found an ornate altar of the Wu Jian Council.
  2135 | D:3      | Identified the +1 helmet of the Other World {Rampage rPois
                  | rC- rN+++}
  2199 | D:3      | Reached skill level 1 in Conjurations
  2199 | D:3      | Reached skill level 1 in Hexes
  2199 | D:3      | Reached skill level 1 in Summonings
  2199 | D:3      | Reached skill level 1 in Necromancy
  2199 | D:3      | Reached skill level 1 in Translocations
  2199 | D:3      | Reached skill level 1 in Transmutations
  2199 | D:3      | Reached skill level 1 in Fire Magic
  2199 | D:3      | Reached skill level 1 in Ice Magic
  2199 | D:3      | Reached skill level 1 in Air Magic
  2199 | D:3      | Reached skill level 1 in Earth Magic
  2199 | D:3      | Reached skill level 1 in Poison Magic
  2652 | D:3      | Found a glowing silver altar of Zin.
  3092 | D:3      | Reached XP level 5. HP: 43/43 MP: 7/7
  3606 | D:4      | Reached XP level 6. HP: 50/50 MP: 8/8
  3665 | D:4      | Reached skill level 5 in Fighting
  3665 | D:4      | Reached skill level 5 in Long Blades
  3665 | D:4      | Reached skill level 5 in Axes
  3675 | D:4      | Found a sand-covered staircase.
  4249 | D:4      | Found a staircase to the Ecumenical Temple.
  4255 | Temple   | Entered the Ecumenical Temple
  4271 | Temple   | Became a worshipper of Warmaster Okawaru
  4376 | D:5      | Entered Level 5 of the Dungeon
  4389 | D:5      | Reached XP level 7. HP: 56/56 MP: 10/10
  4581 | D:5      | Reached skill level 5 in Stealth
  4599 | D:5      | Reached * piety under Okawaru
  5068 | D:5      | Found a transporter.
  5112 | D:5      | Found a transporter.
  5131 | D:5      | Identified the +1 buckler "Jinos" {rF- Str+5}
  5206 | D:5      | Reached XP level 8. HP: 63/63 MP: 12/12
  5357 | D:5      | Noticed sigtrap's ghost (novice KoBr)
  5583 | D:5      | You fall into a shaft and drop 1 floor!
  5762 | D:6      | HP: 3/63 [orc warrior/+0 long sword (8)]
  5763 | D:6      | Slain by an orc wizard

Illustrated notes

Levels and vault maps discovered:
D:1:      dpeg_arrival_houses_and_road, layout_basic,
          hellmonk_ecumenical_altar_leap_of_faith
D:2:      layout_rooms, basic_altar, minmay_distorted
D:3:      layout_basic, mainiacjoe_overflow_small_starburst, zin_academy,
          kennysheep_generic_room_2
D:4:      layout_loops_ring, minmay_temple_entry_fiery,
          lightli_ossuary_entry_decrepit_ruins, corexii_checkpoint_a
D:5:      minmay_diamond_boxcup, layout_gridville,
          gammafunk_ghost_gnarly_gnolls, chequers_serial_rivers_micro_c
D:6:      layout_layer_cave, lemuel_coloured_pillars_altar,
          gup_sewer_entry_bowl, lightli_orcish_oven
Temple:   bh_familiar_temple

Skill      XL: |  1  2  3  4  5  6  7 |
---------------+----------------------+-----
Invocations    | 1 2 3 |  3.5
Short Blades   | 1 2 3 |  3.1
Maces & Flails | 1 2 3 |  3.1
Polearms       | 1 2 3 |  3.1
Staves         | 1 2 3 |  3.1
Ranged Weapons | 1 2 3 |  3.1
Armour         | 1 2 3 |  3.1
Shields        | 1 2 3 |  3.1
Unarmed Combat | 1 2 3 |  3.1
Spellcasting   | 1 2 3 |  3.1
Evocations     | 1 2 3 |  3.1
Conjurations   | 1 2 |  2.5
Hexes          | 1 2 |  2.5
Summonings     | 1 2 |  2.5
Necromancy     | 1 2 |  2.5
Translocations | 1 2 |  2.5
Transmutations | 1 2 |  2.5
Fire Magic     | 1 2 |  2.5
Ice Magic      | 1 2 |  2.5
Air Magic      | 1 2 |  2.5
Earth Magic    | 1 2 |  2.5
Poison Magic   | 1 2 |  2.5
Throwing       | 3 4 |  4.1
Dodging        | 3 4 |  4.1
Fighting       | 5 |  5.6
Long Blades    | 5 |  5.6
Axes           | 5 |  5.6
Stealth        | 5 |  5.3

Action                   |  1- 3 |  4- 6 |  7- 9 || total
-------------------------+-------+-------+-------++-------
Melee: Hand axe          |   115 |   111 |       ||   226
       Bite              |    10 |    15 |     9 ||    34
       Punch             |     2 |     4 |     2 ||     8
       Broad axe         |       |    59 |    70 ||   129
 Fire: Shortbow          |       |     3 |       ||     3
Throw: Boomerang         |    18 |    11 |    13 ||    42
       Dart              |     4 |     9 |     5 ||    18
Invok: Heroism           |       |       |     1 ||     1
  Use: Scroll            |       |     4 |     2 ||     6
       Potion            |       |     3 |     1 ||     4
 Stab: Sleeping          |     5 |     9 |     2 ||    16
       Distracted        |       |     1 |       ||     1
Armor: Robe              |    20 |       |       ||    20
       Ring mail         |    20 |    86 |    23 ||   129
Dodge: Dodged            |    50 |   101 |    46 ||   197
       Repelled          |     1 |     1 |       ||     2
